 Dungeon Crawl Stone Soup version 0.31-a0-95-g6fa058ef04 (webtiles) character file.

Game seed: 14679406355161638406

119 NateTC the Magician (level 5, -4/35 HPs)
             Began as a Djinni Air Elementalist on May 25, 2023.
             Slain by an iguana (14 damage)
             ... on level 4 of the Dungeon.
             The game lasted 00:03:11 (3268 turns).

NateTC the Magician (Djinni Air Elementalist)       Turns: 3268, Time: 00:03:11

Health: -4/35      AC:  2    Str:  7    XL:     5   Next: 23%
Gold:   200        EV: 12    Int: 19    God:
                   SH:  0    Dex: 13

rFire   + + .        (no weapon)
rCold   x . .        (no shield)
rNeg    . . .        a - +0 robe
rPois   ∞            (no helmet)
rElec   .            (no cloak)
rCorr   .            (no gloves)
SInv    .            (boots unavailable)
Will    .....        (no amulet)
Stlth   ++           (no ring)
HPRegen 0.25/turn    (no ring)
MPRegen 0.00/turn

%: infuse magic (-5 HP)
@: flying
A: sickness immunity, fire resistance 2, cold vulnerability 1, float, innate
caster, HP casting, extra vitality 1
a: no special abilities


You were on level 4 of the Dungeon.
You visited 1 branch of the dungeon, and saw 4 of its levels.

You collected 200 gold pieces.

Inventory:

Armour
 a - a +0 robe (worn)
 e - a +1 kite shield of resistance
Scrolls
 g - a scroll of silence {unknown}
 k - a scroll of blinking {unknown}
Potions
 b - 2 potions of might
 c - 3 potions of degeneration
 d - a potion of attraction
 f - a potion of mutation
 h - 2 potions of lignification {unknown}
 i - a potion of enlightenment {unknown}
 j - a potion of magic {unknown}
 l - a potion of resistance {unknown}


   Skills:
 - Level 2.1 Dodging
 - Level 1.5 Stealth
 + Level 1.0 Shields
 * Level 4.4 Spellcasting
 * Level 4.4 Conjurations
 * Level 4.4 Hexes
   Level 0.0 Charms
 * Level 4.4 Summonings
 * Level 4.4 Necromancy
 * Level 4.4 Translocations
 * Level 4.4 Transmutations
 * Level 4.4 Fire Magic
 * Level 4.4 Ice Magic
 * Level 4.4 Air Magic
 * Level 4.4 Earth Magic
 * Level 4.4 Poison Magic


You knew the following spells:

 Your Spells              Type           Power      Damage    Failure   Level
a - Shock                 Conj/Air       76%        1d7       2%          1
b - Static Discharge      Conj/Air       38%        2-4/arc   4%          2
c - Swiftness             Air            21%        N/A       6%          3
d - Airstrike             Air            10%        2d(2-18)  22%         4
e - Sting                 Tmut/Pois      76%        1d6       2%          1
f - Lesser Beckoning      Tloc           42%        N/A       3%          2
Your spell library was empty.

Dungeon Overview and Level Annotations

Branches:
Dungeon (4/15) Zot: 20731
 Temple: D:4-7

Altars:

Shops:
D:2 ?


Innate Abilities, Weirdness & Mutations

You are immune to sickness and miasma.
You are immune to poison.
Your flesh is very heat resistant. (rF++)
You are vulnerable to cold. (rC-)
You float through the air rather than walking.
You learn spells naturally, not from books.
Your magical power is your life essence.
You have superior vitality. (+4 MHP)


Message History

The zap hits the worm.
The worm is almost dead.
The zap hits the worm.
You kill the worm!
Your Shields skill increases to level 1!
You start resting.
Your magical contamination has completely faded away.
HP restored.
Found a mace.
You see here a +0 mace.
An iguana comes into view.
An iguana is nearby!
An iguana is nearby!
The zap hits the iguana.
The iguana is lightly wounded.
The iguana hisses angrily.
The zap hits the iguana.
The iguana is lightly wounded.
The zap misses the iguana.
The zap hits the iguana.
The iguana is moderately wounded.
The zap hits the iguana.
The iguana is moderately wounded.
The zap misses the iguana.
The iguana bites you!
The zap hits the iguana.
The iguana is heavily wounded.
The iguana bites you.
You are too injured to fight recklessly!
Casting: Shock (safe; 2% risk of failure)
Confirm with . or Enter, or press ? or * to list all spells.
The iguana is struck by an arc of lightning.
The iguana is severely wounded.
You are struck by an arc of lightning.
* * * LOW HITPOINT WARNING * * *
The iguana is struck by an arc of lightning.
The iguana is almost dead.
The lightning grounds out.
* * * LOW HITPOINT WARNING * * *
The iguana bites you!
You die...

......
.....
.... ...
.. #.
#l#####
#.@...#
#####.#
####.#
#....#
#.####
#.# #.#
#.######
##+######
#......#


You could see an iguana.

Vanquished Creatures
  5 adders
  A worm (D:4)
  3 dart slugs
  8 orcs (D:4)
  3 ball pythons
  5 endoplasms
  3 giant cockroaches
  3 goblins
  7 hobgoblins
  A jackal (D:4)
  4 kobolds
  A quokka (D:1)
  4 bats
  2 frilled lizards
  5 rats
55 creatures vanquished.

Notes
Turn   | Place    | Note
-------+----------+-------------------------------------------
     0 | D:1      | NateTC the Djinni Air Elementalist began the quest for the
                  | Orb.
     0 | D:1      | NateTC set off with the following spells memorised: Shock,
                  | Static Discharge, Swiftness, Airstrike.
     0 | D:1      | Reached XP level 1. HP: 15/15 MP: 0/0
   150 | D:1      | Reached XP level 2. HP: 19/21 MP: 0/0
   518 | D:1      | Reached XP level 3. HP: 21/25 MP: 0/0
   518 | D:1      | Learned a level 1 spell: Sting
  1703 | D:2      | Found The Oracle's Delphic Readings.
  1869 | D:2      | Reached XP level 4. HP: 22/31 MP: 0/0
  2444 | D:3      | Found a faded altar of an unknown god.
  2659 | D:3      | Identified a scroll of acquirement
  2659 | D:3      | Acquired a +1 kite shield of resistance
  2823 | D:4      | Reached XP level 5. HP: 19/35 MP: 0/0
  2823 | D:4      | Learned a level 2 spell: Lesser Beckoning
  3185 | D:4      | Reached skill level 1 in Shields
  3268 | D:4      | Slain by an iguana

Illustrated notes

Levels and vault maps discovered:
D:1:      matt_arrival_refuge, layout_basic
D:2:      layout_basic, nicolae_nh_oracle_at_delphi
D:3:      layout_loops_ring, hellmonk_ecumenical_altar_leap_of_faith
D:4:      layout_basic, minmay_temple_entry_mist

Skill      XL: |  1  2  3  4  5 |
---------------+----------------+-----
Spellcasting   | 4 |  4.4
Conjurations   | 4 |  4.4
Hexes          | 4 |  4.4
Summonings     | 4 |  4.4
Necromancy     | 4 |  4.4
Translocations | 4 |  4.4
Transmutations | 4 |  4.4
Fire Magic     | 4 |  4.4
Ice Magic      | 4 |  4.4
Air Magic      | 4 |  4.4
Earth Magic    | 4 |  4.4
Poison Magic   | 4 |  4.4
Shields        | 1 |  1.0
Dodging        | |  2.1
Stealth        | |  1.5

Action                     |  1- 3 |  4- 6 || total
---------------------------+-------+-------++-------
   Cast: Shock             |    65 |    58 ||   123
         Static Discharge  |     2 |     3 ||     5
    Use: Scroll            |     2 |     4 ||     6
 Armour: Robe              |     1 |       ||     1
  Dodge: Dodged            |     3 |     6 ||     9

Table legend: (Time is in decaauts)
 A = Elapsed time spent in this place.
 B = Non-inter-level travel time spent in this place.
 C = Inter-level travel time spent in this place.
 D = Time resting spent in this place.
 E = Time spent auto-exploring this place.
 F = Levels seen in this place.
 G = Mean time per level.
                   A        B        C        D        E       F      G
               +--------+--------+--------+--------+--------+-----+--------+
         Total |   3267 |   3171 |     96 |     38 |   2885 |   4 |  816.8 |
       Dungeon |   3267 |   3171 |     96 |     38 |   2885 |   4 |  816.8 |
               +--------+--------+--------+--------+--------+-----+--------+

Top non-repeatable levels by time:
     D:1: 1146 daAuts
     D:2: 833 daAuts
     D:3: 715 daAuts
     D:4: 571 daAuts
